Map: [ESL] Alcyone

Players

LiquidElazer (Elazer)

  • Race: Zerg Zerg
  • Spawn Location: 7:00

gumiho - Winner!

  • Race: Terran Terran
  • Spawn Location: 1:00

Event: HomeStory Cup XXV

VOD

Have the link to the VOD?

Description

Time

  • Played on: June 23, 2024, 9:39 a.m.
  • Length: 9:52

All games in this series

Show
View Real Time Build Order
Export as new Build Order

LiquidElazer Zerg 

Build Orders: Hatch First 

Get SALT Encoding   

  12  0:00  Drone  
  13  0:08  Drone  
  14  0:14  Drone, Extractor  
  15  0:36  Hatchery  
  15  0:39  Extractor  
  15  0:41  Drone  
  15  0:47  Overlord  
  15  1:02  Spawning Pool  
  14  1:05  Drone  
  14  1:09  Drone  
  16  1:12  Drone  
  16  1:17  Drone  
  18  1:28  Drone  
  18  1:30  Extractor  
  18  1:37  Drone  
  19  1:49  Drone x2, Queen x2  
  25  1:58  Drone  
  25  1:59  Overlord  
  26  2:11  Drone x2  
  28  2:26  Extractor  
  28  2:29  Queen x2  
  31  2:30  Spore Crawler  
  31  2:35  Overlord  
  30  2:37  Spore Crawler  
  30  2:42  Drone  
  33  2:55  Spore Crawler  
  33  2:56  Drone x6  
  37  3:09  Overlord  
  38  3:13  Drone x5  
  43  3:20  Drone  
  43  3:25  Overlord  
  44  3:27  Queen  
  46  3:38  Overlord  
  46  3:39  Drone x7  
  51  3:44  Queen  
  51  3:47  Overlord  
  51  3:54  Roach Warren  
  50  4:01  Overlord  
  50  4:02  Drone x2  
  52  4:04  Extractor  
  52  4:05  Extractor  
  52  4:07  Overlord  
  52  4:09  Queen  
  52  4:19  Extractor  
  52  4:21  Lair  
  52  4:22  Drone x3  
  54  4:29  Overlord  
  54  4:36  Roach x4  
  62  4:44  Roach  
  64  4:47  Pneumatized Carapace  
  64  4:48  Drone  
  64  4:49  Roach  
  67  4:59  Hatchery  
  66  5:03  Roach x4  
  66  5:07  Metabolic Boost  
  74  5:09  Overlord  
  74  5:13  Roach  
  76  5:19  Overlord  
  76  5:25  Roach x4  
  84  5:33  Roach  
  86  5:36  Overlord  
  86  5:37  Roach x2  
  86  5:38  Roach  
  92  5:46  Zergling x2  
  93  5:56  Ravager  
  93  5:57  Zergling x10, Ravager  
  91  6:01  Ravager x4  
  100  6:05  Queen, Zergling x6  
  100  6:07  Ravager  
  100  6:09  Overlord  
  106  6:12  Zergling x4  
  100  6:27  Zergling x2  
  100  6:28  Zergling x4  
  91  6:42  Zergling x18  
  91  6:43  Ravager  
  91  6:44  Ravager x4  
  100  6:55  Zergling x8  
  100  6:56  Ravager  
  105  7:04  Zergling x4  
  105  7:05  Queen  
  89  7:17  Zergling x8  
  74  7:23  Zergling x2  
  74  7:25  Drone  
  74  7:28  Drone  
  77  7:31  Drone, Evolution Chamber  
  77  7:33  Evolution Chamber  
  77  7:36  Drone x4  
  80  7:40  Drone  
  81  7:50  Zergling x10  
  84  7:58  Queen  
  80  8:01  Zergling x4  
  84  8:07  Zergling x6  
  76  8:21  Zergling x2  
  76  8:22  Zergling x4  
  76  8:26  Hatchery  
  78  8:36  Drone  
  78  8:37  Zergling x14  
  86  8:43  Overlord  
  86  8:48  Drone  
  87  8:58  Roach x2  
  92  9:02  Roach  
  92  9:06  Baneling Nest  
  91  9:10  Roach  
  91  9:15  Hatchery  
  92  9:23  Zergling x12  
  98  9:24  Ravager  
  87  9:32  Zergling x4  
Show
View Real Time Build Order
Export as new Build Order

gumiho Terran - Winner!

Build Orders:  

Get SALT Encoding   

  12  0:00  SCV  
  13  0:12  SCV  
  14  0:17  Supply Depot  
  14  0:24  SCV  
  15  0:38  SCV  
  15  0:40  Barracks  
  16  0:43  Refinery  
  16  0:50  SCV  
  17  0:59  Barracks  
  17  1:02  SCV  
  18  1:15  SCV  
  19  1:26  Reaper  
  19  1:27  Orbital Command  
  19  1:32  Supply Depot  
  20  1:46  Reaper  
  21  1:52  SCV  
  22  2:03  Reaper  
  22  2:04  SCV  
  24  2:11  Command Center  
  24  2:16  SCV  
  24  2:22  Reaper  
  26  2:41  SCV  
  26  2:42  Command Center  
  27  2:44  Reaper  
  28  2:52  Refinery  
  28  2:53  SCV  
  29  3:06  SCV  
  29  3:07  Barracks Reactor  
  29  3:11  Barracks  
  30  3:18  Barracks Tech Lab, SCV  
  31  3:23  Orbital Command  
  31  3:30  SCV  
  32  3:41  Marine  
  32  3:45  Marine x2, Stimpack  
  32  3:46  SCV  
  36  3:51  SCV  
  36  3:55  Orbital Command  
  37  3:58  SCV  
  37  3:59  Marine  
  37  4:01  Barracks Reactor  
  39  4:03  SCV, Marine  
  41  4:10  SCV  
  41  4:11  Factory  
  41  4:15  Marine  
  41  4:16  SCV  
  44  4:17  Marine, Engineering Bay  
  44  4:20  Supply Depot, Marine  
  44  4:22  SCV  
  44  4:23  SCV  
  48  4:28  SCV  
  49  4:34  SCV  
  49  4:35  Supply Depot  
  49  4:36  Marine x2  
  49  4:38  SCV  
  53  4:40  SCV  
  53  4:41  Marine x2  
  53  4:42  Marine  
  53  4:44  Terran Infantry Weapons Level 1  
  57  4:46  Supply Depot, SCV  
  57  4:50  SCV  
  57  4:52  SCV  
  60  4:59  SCV  
  61  5:01  Marine x5  
  61  5:02  Starport  
  61  5:04  SCV x2  
  61  5:06  Factory Reactor  
  68  5:09  Orbital Command  
  68  5:11  Refinery  
  68  5:13  Refinery  
  68  5:15  Supply Depot  
  68  5:17  Supply Depot  
  68  5:23  Marine x4  
  68  5:24  Marine  
  68  5:25  SCV  
  68  5:26  SCV  
  75  5:36  SCV  
  75  5:38  SCV x2  
  75  5:40  Supply Depot, Marine  
  75  5:41  Supply Depot, Marine x2  
  81  5:48  SCV  
  82  5:50  SCV  
  82  5:53  Medivac x2  
  85  5:57  Marine x2  
  85  5:58  Marine x2  
  85  5:59  SCV  
  85  6:00  SCV  
  85  6:02  SCV  
  85  6:03  Barracks  
  92  6:04  Barracks  
  92  6:08  Supply Depot, Marine  
  92  6:09  Supply Depot  
  93  6:12  Factory Tech Lab  
  93  6:15  Marine x2  
  93  6:17  Supply Depot, SCV x3  
  91  6:27  Medivac x2  
  91  6:28  Marine x2  
  91  6:29  SCV  
  91  6:32  Marine  
  92  6:33  Marine x2  
  92  6:35  Siege Tank  
  87  6:45  Marine  
  87  6:46  SCV x2, Marine  
  88  6:51  Marine, Terran Infantry Armor Level 1  
  88  6:52  Marine x2  
  88  6:53  Marine  
  93  6:58  SCV, Medivac  
  93  6:59  Medivac  
  95  7:03  Marine x2  
  96  7:11  Marine  
  96  7:12  Orbital Command  
  96  7:15  Marine x2  
  87  7:21  Marine x2  
  79  7:28  SCV x2  
  79  7:29  Marine  
  82  7:33  Marine x2  
  84  7:39  Marine  
  84  7:41  Siege Tank  
  84  7:42  Marine  
  89  7:50  Marine  
  89  7:51  Marine  
  91  7:57  Marine  
  92  8:00  Marine  
  92  8:02  Barracks Tech Lab  
  91  8:08  Marine x2  
  87  8:14  Marine  
  87  8:16  Siege Tank  
  87  8:17  SCV x3  
  87  8:18  Marine  
  95  8:25  Combat Shield  
  96  8:29  SCV x3, Starport Reactor  
  96  8:31  Barracks Reactor  
  96  8:32  Marine x2  
  96  8:33  Orbital Command  
  100  8:36  Marine  
  100  8:39  Barracks  
  100  8:40  Barracks  
  100  8:41  SCV x2  
  103  8:49  Marine  
  103  8:50  Supply Depot x2, Marine  
  103  8:53  SCV x2, Marine  
  107  8:58  Marine x2  
  107  8:59  Siege Tank  
  107  9:02  SCV  
  113  9:05  SCV  
  113  9:07  Marine  
  113  9:08  Marine  
  116  9:11  Supply Depot, Marine  
  116  9:16  Marine  
Tags
 
Add a new tag
Caveats
  • Supply blocks, unpowered buildings, or Contaminate may cause inaccurate times.
  • Supply counts are checked every 10 seconds.